 Dungeon Crawl Stone Soup version 0.27.1-16-g815e20cd7a (webtiles) character file.

Game seed: 2090370830001716766

60 Descartes the Grasshopper (level 3, 0/18 HPs)
             Began as a Spriggan Warper on Nov 21, 2021.
             Was a Follower of Cheibriados.
             Slain by a gnoll (4 damage)
             ... on level 2 of the Dungeon.
             The game lasted 00:03:42 (1958 turns).

Descartes the Grasshopper (Spriggan Warper)         Turns: 1958, Time: 00:03:42

Health: 0/18       AC:  2    Str: 11    XL:     3   Next: 80%
Magic:  8/8        EV: 19    Int: 17    God:    Cheibriados [*.....]
Gold:   50         SH:  0    Dex: 17    Spells: 7/7 levels left

rFire    . . .     SeeInvis +   f - +1 dagger (drain)
rCold    . . .     Faith    .   (shield restricted)
rNeg     . . .     Spirit   .   b - +0 robe
rPois    .         Reflect  .   (helmet restricted)
rElec    .         Harm     .   (no cloak)
rCorr    .         Rampage  .   (gloves unavailable)
Will     .....                  (boots unavailable)
Stlth    ++........             (no amulet)
HPRegen  0.06/turn              (no ring)
MPRegen  0.11/turn              (no ring)

@: no status effects
A: very small, no large weapons, unfitting armour, see invisible, speed 3
a: Renounce Religion, Bend Time


You were on level 2 of the Dungeon.
You worshipped Cheibriados.
Cheibriados was aware of your devotion.
You visited 1 branch of the dungeon, and saw 2 of its levels.

You collected 50 gold pieces.

Inventory:

Hand Weapons
 a - a +0 short sword
 f - a +1 dagger of draining (weapon)
Missiles
 d - 5 boomerangs of dispersal (quivered)
 j - 18 arrows
 n - 12 stones
Armour
 b - a +0 robe (worn)
Scrolls
 c - a scroll of blinking
 g - a scroll of magic mapping {unknown}
 h - a scroll of enchant weapon {unknown}
 i - a scroll of noise {unknown}
 k - a scroll of silence {unknown}
 l - 2 scrolls of enchant armour {unknown}
Potions
 e - 2 potions of brilliance {unknown}
 m - a potion of lignification {unknown}


   Skills:
 - Level 1.5 Fighting
 + Level 3.2 Short Blades
 - Level 1.0 Throwing
 + Level 4.3 Dodging
 + Level 3.0 Stealth
 - Level 2.6 Spellcasting
 - Level 4.4 Translocations


You had 7 spell levels left.
You didn't know any spells.
Your spell library contained the following spells:

 Spells                   Type           Power      Damage    Failure   Level
 Blink                    Tloc           N/A        N/A       4%          2
 Gell's Gravitas          Tloc           8%         N/A       9%          3
 Lesser Beckoning         Tloc           8%         N/A       9%          3
 Teleport Other           Tloc           17%        N/A       9%          3
 Manifold Assault         Tloc           17%        N/A       63%         5


Dungeon Overview and Level Annotations

Branches:
Dungeon (2/15)

Altars:
Cheibriados


Innate Abilities, Weirdness & Mutations

You are very small and have problems with some larger weapons.
You are too small for most types of armour.
You have supernaturally acute eyesight. (SInv)
You cover ground extremely quickly. (Speed+++)


Message History

You are too injured to fight recklessly!
You are too injured to fight recklessly!
You are too injured to fight recklessly!
You are too injured to fight recklessly!
You are too injured to fight recklessly!
You are too injured to fight recklessly!
You are too injured to fight recklessly!
You are too injured to fight recklessly!
You are too injured to fight recklessly!
You are too injured to fight recklessly!
The gnoll closely misses you.
There is a stone staircase leading up here.
The gnoll completely misses you.
You climb upwards.
There is a stone staircase leading down here.
HP restored.
Done exploring.
You climb downwards.
The gnoll completely misses you. The gnoll barely misses you.
There is a stone staircase leading up here.
The gnoll closely misses you.
You hit the gnoll.
The gnoll is lightly wounded.
You hit the gnoll.
The gnoll is moderately wounded.
The gnoll barely misses you.
You completely miss the gnoll.
The gnoll is moderately wounded.
The gnoll closely misses you.
You hit the gnoll.
The gnoll is heavily wounded.
The gnoll hits you with a +0 spear!
You closely miss the gnoll.
The gnoll is heavily wounded.
The gnoll hits you with a +0 spear.
* * * LOW HITPOINT WARNING * * *
You are too injured to fight recklessly!
You are too injured to fight recklessly!
The gnoll hits you from afar with a +0 spear.
You die...

.#.....##...##.# #.#.#.#.#.#.#
###......... #.# #............
.#......#.. #.# #.#.#.#.#.#.#
.......... #†# #....).>.....
.....#..##. #.## #.#.#[#.#.#.#
......>.##..##..## #............
.....##.##.....#.# #.#.#.#.#.#.#
..........r.##..#####............
####..#.##. ##g.@.....#.#.#[#.#.#
# #..#.## .##.#######...........
#..#.##..##.# ##.#.#.#.#.#
#...........# #...........
####..#.##..#### ##.#.#.#.#.#
............# #.#.#.#####
##..........# #...#.#
##.#.##.##### ##.#.#
.<...##.....# #.#g#


You could see a gnoll.

Vanquished Creatures
  2 gnolls (D:2)
  A worm (D:2)
  A dart slug (D:1)
  2 ball pythons
  2 bats (D:2)
  3 endoplasms (D:1)
  2 giant cockroaches (D:1)
  5 goblins
  4 hobgoblins
  2 frilled lizards
  3 kobolds (D:1)
  8 rats
35 creatures vanquished.

Notes
Turn   | Place    | Note
-------+----------+-------------------------------------------
     0 | D:1      | Descartes the Spriggan Warper began the quest for the Orb.
     0 | D:1      | Reached XP level 1. HP: 10/10 MP: 5/5
    50 | D:1      | Reached skill level 1 in Stealth
   238 | D:1      | Reached XP level 2. HP: 14/14 MP: 6/6
   321 | D:1      | Found a faded altar of an unknown god.
   551 | D:1      | Became a worshipper of Cheibriados the Contemplative
   551 | D:1      | Reached * piety under Cheibriados
   988 | D:2      | Reached XP level 3. HP: 9/18 MP: 8/8
  1958 | D:2      | Slain by a gnoll

Illustrated notes

Levels and vault maps discovered:
D:1:      dpeg_arrival_ratfight, layout_rooms,
          ebering_ecumenical_altar_sacrificial
D:2:      layout_loops_ring, st_stairs_11

Skill      XL: |  1  2  3 |
---------------+----------+-----
Stealth        | 1 2 3 |  3.0
Short Blades   | 3 |  3.2
Dodging        | 4 |  4.3
Fighting       | |  1.5
Throwing       | |  1.0
Spellcasting   | |  2.6
Translocations | |  4.4

Action                   || total
-------------------------++-------
Melee: Dagger            ||   107
       Short sword       ||     4
 Stab: Sleeping          ||     5
Armor: Robe              ||     6
Dodge: Dodged            ||    82
